 Dungeon Crawl Stone Soup version 0.20.0-1-g1cb1d84 (webtiles) character file.

128 Hasart the Cudgeler (level 4, 0/34 HPs)
             Began as a Demonspawn Warper on May 26, 2017.
             Killed from afar by an orc wizard (9 damage)
             ... with a puff of flame
             ... on level 3 of the Dungeon.
             The game lasted 00:06:11 (2871 turns).

Hasart the Cudgeler (Demonspawn Warper)             Turns: 2871, Time: 00:06:12

Health: 0/34       AC: 10    Str: 12    XL:     4   Next: 87%
Magic:  7/7        EV:  5    Int: 15    God:
Gold:   88         SH:  0    Dex: 12    Spells: 5/7 levels left

rFire    . . .     SeeInvis .   a - +0 mace
rCold    . . .     Gourm    .   (no shield)
rNeg     . . .     Faith    .   m - +0 plate armour
rPois    .         Spirit   .   (no helmet)
rElec    .         Reflect  .   (no cloak)
rCorr    .         Harm     .   (no gloves)
MR       .....                  (no boots)
Stlth    ..........             (no amulet)
Regen    0.2/turn               (no ring)
MPRegen  0.1/turn               (no ring)

@: no status effects
A: talons 1, repulsion field 1
a: no special abilities


You were on level 3 of the Dungeon.
You were hungry.

You visited 1 branch of the dungeon, and saw 3 of its levels.

You collected 88 gold pieces.

Inventory:

Hand Weapons
 a - a +0 mace (weapon)
Missiles
 e - 4 tomahawks of dispersal
 o - 7 tomahawks (quivered)
 s - 6 javelins
Armour
 b - a +0 leather armour
 m - a +0 plate armour (worn)
Scrolls
 d - a scroll of blinking
 h - 2 scrolls of identify {unknown}
 j - 2 scrolls of remove curse {unknown}
 k - a scroll of recharging {unknown}
 t - 3 scrolls of enchant armour {unknown}
 u - a scroll of fear {unknown}
Potions
 g - a potion of resistance {unknown}
 p - a potion of magic {unknown}
 q - a potion of berserk rage {unknown}
 r - a potion of mutation {unknown}
 v - a potion of curing {unknown}
 w - a potion of degeneration {unknown}
Books
 c - a book of Spatial Translocations

   Spells                             Type                      Level
   a - Blink                          Translocation                2
   b - Shroud of Golubria             Charms/Translocation         2
   c - Lesser Beckoning               Translocation                3
   d - Gell's Gravitas                Translocation                3
   e - Teleport Other                 Translocation                3
   f - Passage of Golubria            Translocation                4
Comestibles
 f - 2 bread rations
 i - 2 meat rations
 l - a royal jelly
 n - 6 fruits


   Skills:
 + Level 2.6 Fighting
 * Level 3.6 Maces & Flails
 + Level 1.0 Throwing
 + Level 1.7 Armour
 + Level 2.3 Dodging
 - Level 2.0 Spellcasting
 - Level 2.6 Translocations


You had 5 spell levels left.
You knew the following spells:

 Your Spells              Type           Power        Failure   Level  Hunger
a - Blink                 Tloc           N/A          100%        2    ###....


Dungeon Overview and Level Annotations

Branches:
Dungeon (3/15)

Altars:


Innate Abilities, Weirdness & Mutations

You have sharp toenails.
You are surrounded by a mild repulsion field. (EV +2)


Message History

You claw something. Something hits you but does no damage. Something hits you.
Your plate armour prevents you from hitting something.
Something hits you but does no damage. x2
You miss something. Something hits you.
You closely miss something. Your kick misses something.
Something hits you but does no damage.
Your plate armour prevents you from hitting something.
Something hits you but does no damage.
You miss something. Something hits you. Something hits you but does no damage.
You miss something.
Something hits you but does no damage. x2
You closely miss something. Something hits you but does no damage.
You hear some strange, mumbled words.
A puff of frost appears from out of thin air!
The puff of frost hits you!
* * * LOW HITPOINT WARNING * * *
You closely miss something. Your kick misses something.
You hear some strange, mumbled words.
A puff of flame appears from out of thin air!
The puff of flame hits you!
You die...

############### #..
#.............# #.#
#)###########.###########.#
#.# #.............# #.#
#..######..#### #.#
####o.######...... #.#
#oK.oK........#### #.#
#{###.#####....... #.# #@#
#.# #..##### #.# #.# .o.
.... #.# #.# #K#####.# #.#
#.# #.# #. #.# #.# ..# #.
#.# #.# ### #.# #.# ##..
#.# #.# ##... #.# #(...


You could see an orc and a kobold.

Vanquished Creatures
  A gnoll (D:3)
  4 adders
  2 worms
  4 dart slugs
  3 leopard geckos
  3 orcs (D:3)
  2 giant cockroaches (D:1)
  7 goblins
  8 hobgoblins
  A quokka (D:3)
  A ball python (D:3)
  9 bats
  4 frilled lizards
  9 kobolds
  6 rats
64 creatures vanquished.

Vanquished Creatures (others)
  A kobold (D:3)
1 creature vanquished.

Grand Total: 65 creatures vanquished

Notes
Turn   | Place    | Note
-------+----------+-------------------------------------------
     0 | D:1      | Hasart the Demonspawn Warper began the quest for the Orb.
     0 | D:1      | Reached XP level 1. HP: 16/16 MP: 3/3
   120 | D:1      | Reached skill level 2 in Maces & Flails
   207 | D:1      | Reached skill level 1 in Armour
   207 | D:1      | Gained mutation: You are surrounded by a mild repulsion field. (EV +2) [demonic ancestry]
   207 | D:1      | Reached XP level 2. HP: 21/22 MP: 5/5
   830 | D:2      | Reached XP level 3. HP: 24/27 MP: 6/6
  1469 | D:2      | Reached skill level 3 in Maces & Flails
  1482 | D:2      | Learned a level 2 spell: Blink
  1820 | D:3      | Gained mutation: You have sharp toenails. [demonic ancestry]
  1820 | D:3      | Reached XP level 4. HP: 32/34 MP: 7/7
  2208 | D:3      | Reached skill level 1 in Throwing
  2871 | D:3      | Killed from afar by an orc wizard

Skill      XL: |  1  2  3  4 |
---------------+-------------+-----
Maces & Flails | 2 3 |  3.6
Armour         | 1 |  1.7
Dodging        | 2 |  2.3
Throwing       | 1 |  1.0
Fighting       | |  2.6
Spellcasting   | |  2.0
Translocations | |  2.6

Action                   |  1- 3 |  4- 6 || total
-------------------------+-------+-------++-------
Melee: Mace              |   158 |   155 ||   313
       Kick              |       |    30 ||    30
Throw: Tomahawk          |       |     1 ||     1
 Stab: Sleeping          |     1 |       ||     1
  Eat: Chunk             |     2 |     4 ||     6
Armor: Leather armour    |    18 |       ||    18
       Plate armour      |    77 |   148 ||   225
Dodge: Dodged            |    97 |    56 ||   153
